 Dungeon Crawl Stone Soup version 0.26-a0-52-gd53d4cd (webtiles) character file.

Game seed: 998561458665855736

1045 Faca the Fighter (level 8, -2/69 HPs)
             Began as a Barachi Fighter on June 6, 2020.
             Was an Initiate of Cheibriados.
             Slain by a two-headed ogre
             ... wielding a +0 giant spiked club
              (16 damage)
             ... on level 9 of the Dungeon.
             The game lasted 00:08:24 (4446 turns).

Faca the Fighter (Barachi Fighter)                  Turns: 4446, Time: 00:08:25

Health: -2/69      AC: 17    Str: 20    XL:     8   Next: 25%
Magic:  8/8        EV:  5    Int: 11    God:    Cheibriados [......]
Gold:   226        SH: 10    Dex: 12    Spells: 7/7 levels left

rFire    . . .     SeeInvis .   a - +0 long sword
rCold    + . .     Gourm    .   c - +1 kite shield
rNeg     . . .     Faith    .   i - +0 storm dragon scales
rPois    .         Spirit   .   (no helmet)
rElec    +         Reflect  .   (no cloak)
rCorr    .         Harm     .   k - +0 pair of gloves
MR       .....                  o - +0 pair of boots
Stlth    ..........             (no amulet)
HPRegen  0.21/turn              m - +4 ring of protection
MPRegen  0.11/turn              r - ring of protection from cold

@: mighty, can't hop, very slow
A: +LOS, swims, slowness 1, strong legs 1
a: Hop, Bend Time, Renounce Religion


You were on level 9 of the Dungeon.
You worshipped Cheibriados.
Cheibriados was noncommittal.
You were not hungry.

You visited 2 branches of the dungeon, and saw 8 of its levels.

You collected 226 gold pieces.

Inventory:

Hand Weapons
 a - a +0 long sword (weapon)
 l - a +0 rapier
Armour
 c - a +1 kite shield (worn)
 i - +0 storm dragon scales (worn)
 k - a +0 pair of gloves (worn)
 o - a +0 pair of boots (worn)
Jewellery
 m - a +4 ring of protection (left hand)
 r - a ring of protection from cold (right hand)
Scrolls
 p - a scroll of identify
 u - a scroll of remove curse
Potions
 b - 2 potions of resistance
 g - a potion of lignification
 j - 2 potions of heal wounds
 n - 3 potions of curing
 t - 3 potions of berserk rage
Comestibles
 f - 11 rations
 h - 2 chunks of flesh


   Skills:
 + Level 8.7 Fighting
 + Level 8.3 Long Blades
 - Level 3.6 Armour
 - Level 3.2 Shields


You had 7 spell levels left.
You didn't know any spells.
Your spell library contained the following spells:

 Spells                   Type           Power        Failure   Level  Hunger
 Animate Skeleton         Necr           N/A          100%        1    ##.....
 Apportation              Tloc           #.....       100%        1    ##.....
 Corona                   Hex            #......      100%        1    ##.....
 Summon Small Mammal      Summ           #...         100%        1    ##.....


Dungeon Overview and Level Annotations

Branches:
Dungeon (9/15)             Temple (1/1) D:5
   Lair: D:8-11         Orc: D:9-12

Altars:
Cheibriados
Dithmenos
Fedhas
Gozag
Kikubaaqudgha
Okawaru
Trog
Wu Jian
Xom
Zin
The Shining One


Innate Abilities, Weirdness & Mutations

You can be seen from farther away. (+LOS)
You can swim through water.
You cover ground slowly.
You can hop short distances.


Message History

The two-headed ogre barely misses you. You block the two-headed ogre's attack.
You barely miss the two-headed ogre.
The two-headed ogre is heavily wounded.
The two-headed ogre hits you with a +0 giant spiked club!
The two-headed ogre hits you but does no damage.
You barely miss the two-headed ogre.
The two-headed ogre is heavily wounded.
You block the two-headed ogre's attack.
The two-headed ogre hits you with a +0 dire flail!
You slash the two-headed ogre!
The two-headed ogre is heavily wounded.
The two-headed ogre hits you with a +0 giant spiked club!
* * * LOW HITPOINT WARNING * * *
The two-headed ogre completely misses you.
You barely miss the two-headed ogre.
The two-headed ogre is heavily wounded.
You slash the two-headed ogre!
The two-headed ogre is severely wounded.
The two-headed ogre hits you with a +0 giant spiked club!
You die...

## ..} ... #.#
##.### #....#
#######....###
#....@.......##
#.###O....$...#..
#............
#............
#...<........
#............
#..........#..
#..........+
#..........#


You could see a two-headed ogre.

Vanquished Creatures
  A water moccasin (D:8)
  A sky beast (D:8)
  A necrophage (D:4)
  2 ogres
  A centaur (D:4)
  A howler monkey (D:4)
  A bullfrog zombie (D:2)
  3 hounds (D:5)
  A bullfrog skeleton (D:4)
  Terence (D:3)
  An iguana (D:4)
  4 worker ants
  6 adders
  3 gnolls (D:3)
  An ooze (D:1)
  2 adder zombies (D:5)
  5 worms
  2 dart slugs
  4 leopard geckos
  2 orcs
  6 bats
  2 giant cockroaches
  9 hobgoblins
  3 jackals (D:3)
  2 quokkas (D:3)
  2 ball pythons
  2 frilled lizards
  5 goblins
  6 kobolds
  A leopard gecko skeleton (D:5)
  4 rats
85 creatures vanquished.

Notes
Turn   | Place    | Note
-------+----------+-------------------------------------------
     0 | D:1      | Faca the Barachi Fighter began the quest for the Orb.
     0 | D:1      | Reached XP level 1. HP: 18/18 MP: 1/1
   199 | D:1      | Reached XP level 2. HP: 23/25 MP: 2/2
   725 | D:2      | Reached XP level 3. HP: 28/31 MP: 3/3
  1768 | D:2      | Reached skill level 5 in Fighting
  1768 | D:2      | Reached XP level 4. HP: 28/39 MP: 4/4
  2240 | D:3      | Reached XP level 5. HP: 44/44 MP: 5/5
  2550 | D:3      | Found a glowing golden altar of the Shining One.
  2588 | D:3      | Reached skill level 5 in Long Blades
  2624 | D:3      | Noticed Terence
  2646 | D:3      | Killed Terence
  2993 | D:3      | Found an opulent altar of Gozag.
  2994 | D:3      | Found a glowing silver altar of Zin.
  3017 | D:4      | Noticed a centaur
  3028 | D:4      | Killed a centaur
  3028 | D:4      | Reached XP level 6. HP: 35/53 MP: 6/6
  3231 | D:4      | Noticed a necrophage
  3247 | D:4      | Killed a necrophage
  3247 | D:4      | Reached XP level 7. HP: 57/60 MP: 7/7
  3543 | D:5      | Entered Level 5 of the Dungeon
  3831 | D:5      | Found an ornate altar of the Wu Jian Council.
  3855 | D:5      | Found a staircase to the Ecumenical Temple.
  3867 | Temple   | Entered the Ecumenical Temple
  3981 | Temple   | Became a worshipper of Cheibriados the Contemplative
  4258 | D:5      | You fall into a shaft and drop 3 floors!
  4280 | D:8      | Reached XP level 8. HP: 54/69 MP: 8/8
  4407 | D:8      | Noticed a four-headed hydra
  4407 | D:8      | Noticed a yaktaur captain
  4407 | D:8      | Noticed a two-headed ogre
  4407 | D:8      | Noticed an orc knight
  4432 | D:9      | Noticed a two-headed ogre
  4446 | D:9      | Slain by a two-headed ogre

Illustrated notes

Levels and vault maps discovered:
D:1:      psy_arrival_dodecagon, layout_rooms
D:2:      layout_basic, first_ration
D:3:      layout_rooms, grunt_temple_overflow_gold_and_silver,
          lemuel_doored_altar, uniq_terence
D:4:      layout_cave_pools
D:5:      layout_gridville, kennysheep_mini, minmay_temple_entry_stoned_glass
D:8:      minmay_klotski, layout_loops_ring, lemuel_round_altar,
          nicolae_overflow_crystal_walls, nicolae_ossuary_entry_plus
D:9:      layout_basic, lair_entry_dummy, blue_anna_alchemist
          [blue_anna_fruit_fields, blue_anna_fruit_fields]
Temple:   regret_index_temple_generic_petals

Skill      XL: |  1  2  3  4  5  6  7 |
---------------+----------------------+-----
Fighting       | 4 5 6 7 8 |  8.7
Long Blades    | 3 4 5 6 8 |  8.3
Armour         | |  3.6
Shields        | |  3.2

Action                   |  1- 3 |  4- 6 |  7- 9 || total
-------------------------+-------+-------+-------++-------
Melee: Long sword        |   143 |   181 |   153 ||   477
 Abil: Hop               |       |       |     1 ||     1
  Use: Scroll            |     2 |     9 |     7 ||    18
       Potion            |       |       |     1 ||     1
  Eat: Chunk             |     3 |     6 |     1 ||    10
       Ration            |       |       |     1 ||     1
Armor: Storm dragon scal |    99 |    91 |    99 ||   289
       Scale mail        |     1 |       |       ||     1
Dodge: Dodged            |    25 |    36 |    33 ||    94
Block: Kite shield       |    86 |    91 |    71 ||   248
       Rpst.: Long sword |    11 |    12 |     9 ||    32

Table legend:
 A = Non-vault XP
 B = Vault XP
 C = Vault XP percentage of total XP
 D = Non-vault monster count
 E = Vault monster count
 F = Vault count percentage of total count
                 A         B        C        D         E       F
            +---------+---------+-------+---------+---------+-------
      Total |    1135 |     358 |  24.0 |      80 |       5 |   5.9
            +---------+---------+-------+---------+---------+-------
        D:1 |      32 |       0 |   0.0 |      15 |       0 |   0.0
        D:2 |     127 |       0 |   0.0 |      20 |       0 |   0.0
        D:3 |      95 |      36 |  27.5 |      23 |       1 |   4.2
        D:4 |     604 |       0 |   0.0 |      12 |       0 |   0.0
        D:5 |     277 |       0 |   0.0 |      10 |       0 |   0.0
        D:8 |       0 |     322 | 100.0 |       0 |       4 | 100.0
            +---------+---------+-------+---------+---------+-------
